[Event "71st Greek Championship 2022"]
[Site "Athens"]
[Date "2022.12.06"]
[Round "4.2"]
[White "Markidis, Konstantinos"]
[Black "Koutlas, Nikolaos"]
[Result "1/2-1/2"]
[ECO "B51"]
[WhiteElo "2290"]
[BlackElo "2267"]
[Annotator "TA"]
[PlyCount "65"]
[EventDate "2022.12.04"]
[EventType "tourn"]
[EventCountry "GRE"]
[SourceTitle "playchess.com"]
[Source "ChessBase"]
[SourceQuality "1"]
[TimeControl "40/5400+30:1800+30"]

1. e4 c5 2. Nf3 d6 3. Bb5+ Nd7 4. c3 Ngf6 5. Bd3 g6 6. Bc2 {[%emt 0:00:10] B51: Sicilian: Moscow Variation (3 Bb5+) without 3...Bd7.} b5 7. O-O (7. d4 cxd4 8. cxd4 Bb7 9. Nbd2 Bg7 10. O-O O-O 11. Re1 e5 12. d5 a5 13. a4 bxa4 14. Rxa4 Ba6 15. Ra3 Qb6 16. h3 {½-½ (29) Markidis,K (2259)-Koutlas,N (2314) Kavala 2022}) 7... Bb7 8. Re1 {[%emt 0:00:09] The position is equal.} Bg7 9. d4 O-O {[%emt 0:00:07] [#]} 10. a4 $146 ({Predecessor:} 10. d5 Re8 11. a4 a6 12. Bf4 Nh5 13. Be3 Nb6 14. Nbd2 e6 15. dxe6 Rxe6 16. axb5 axb5 17. Rxa8 Qxa8 {0-1 (75) Vachier Lagrave,M (2778)-Nepomniachtchi,I (2784) chess24.com INT 2020}) 10... a6 11. h3 e6 12. Bf4 e5 13. dxe5 dxe5 14. Nxe5 Nxe5 15. Bxe5 Re8 16. Qxd8 Raxd8 17. Bxf6 Bxf6 18. axb5 axb5 19. Ra5 Bc6 20. Ra6 Re6 21. f4 Bh4 22. Re3 c4 (22... b4 $5 ) 23. e5 {[%emt 0:04:48] [#]} (23. g3 $11 {remains equal.} Be7 24. Re2) 23... Be7 (23... Be4 $1 $17 24. Rxe6 Bxc2) 24. Kh2 $11 Bc5 {[%emt 0:00:37] Prevents f5.} 25. Re1 Bb7 {[%emt 0:11:34] Inhibits f5. A strong pair of Bishops.} (25... Bd5 $5 26. Ra5 Bc6 $11) 26. Rxe6 fxe6 27. Re2 Rf8 {[%emt 0:05:30] White is slightly better.} 28. Kg3 $1 Ra8 29. Nd2 $1 Ra2 30. Ne4 $1 Bxe4 31. Bxe4 Ba3 32. Kf3 Rxb2 33. Rxb2 {[%emt 0:00:07] Weighted Error Value: White=0.07 (flawless) /Black=0.07 (flawless)} 1/2-1/2

[Event "71st Greek Championship 2022"]
[Site "Athens"]
[Date "2022.12.06"]
[Round "4.3"]
[White "Moutousis, Konstantinos"]
[Black "Alexakis, Dimitris"]
[Result "0-1"]
[ECO "B22"]
[WhiteElo "2392"]
[BlackElo "2486"]
[Annotator "TA"]
[PlyCount "128"]
[EventDate "2022.12.04"]
[EventType "tourn"]
[EventCountry "GRE"]
[SourceTitle "playchess.com"]
[Source "ChessBase"]
[SourceQuality "1"]
[TimeControl "40/5400+30:1800+30"]

1. e4 c5 2. c3 Nf6 3. e5 Nd5 4. d4 cxd4 5. Nf3 Nc6 6. Bc4 Nb6 7. Bb3 d5 8. exd6 Qxd6 9. cxd4 Be6 10. O-O Bxb3 11. Qxb3 e6 12. Nc3 Be7 13. Rd1 {[%emt 0:03:07] is cutting edge theory. B22: Sicilian: 2 c3.} Rd8 14. a3 O-O 15. Be3 {[%emt 0:00:38][%cal Od4d5] Black has an edge.} Na5 16. Qc2 {[%emt 0:08:53] [#]} Rc8 $146 ({Predecessor:} 16... Nac4 17. Bg5 f6 18. Bh4 Qc6 19. Re1 Rc8 20. Qb3 a5 21. Rad1 a4 22. Qa2 Rfe8 {½-½ (40) Tomici,S (2177)-Eggink,M (2013) Prague 2012}) 17. Bg5 f6 18. Be3 Nd5 19. Rd3 b5 {[%emt 0:09:23] ...b4 is the strong threat.} 20. Qe2 Nxc3 21. bxc3 Nc4 22. Bc1 Qd5 23. a4 b4 24. cxb4 Bxb4 25. h4 Rfd8 {[%emt 0:00:46] Black has more active pieces.} 26. Rb3 (26. Bf4 $15) 26... a5 $17 27. Bf4 {[%emt 0:01:55] [#]} Rc6 (27... Nd2 $142 $1 28. Rd3 (28. Nxd2 $2 {loses.} Bxd2 29. Bxd2 Qxb3 $19) (28. Re3 Nxf3+) 28... Ne4) 28. Qa2 (28. Rbb1 $142) 28... h6 29. Rc1 g5 30. Bg3 Rdc8 {[%emt 0:00:37] aiming for ...g4.} 31. Qb1 Kg7 {[%emt 0:00:20] Against Qg6+} 32. h5 (32. Rd1 $142) 32... Qf5 $2 (32... f5 $1 $17 33. Rd1 g4) 33. d5 $1 $36 {[%emt 0:00:52][%mdl 2048] White is more active.} (33. Qxf5 $2 exf5 34. Rbb1 (34. d5 $2 Rc5 $19) 34... f4 $19) 33... Qxb1 (33... Qxd5 $2 34. Qg6+ Kf8 35. Qxh6+ Kf7 36. Qh7+ Ke8 37. Qg6+ Ke7 38. Rd3 $18) 34. Rbxb1 exd5 35. Nd4 Kf7 36. Nxc6 $16 Rxc6 37. Rd1 {[%emt 0:00:15] Inhibits d4.} (37. f3 $16) 37... Ke6 38. f3 f5 39. Bf2 f4 40. Rbc1 Kd6 41. Kf1 ({White should try} 41. g3 $16) 41... Rc7 $14 42. g3 Ke6 (42... Ba3 $1 $11 43. Ra1 (43. Rb1 Bb4 $14) 43... Bc5) 43. gxf4 gxf4 44. Bd4 {[%emt 0:00:22] Against Rg7} Rf7 (44... Kf5 $16 {was worth a try.}) 45. Ke2 $1 $18 {[%emt 0:00:15] Threatens to win with Rg1.} Kf5 46. Bc5 Ke5 47. Bd4+ (47. Bf2 $142) 47... Kf5 48. Kf2 (48. Rg1 $1 $18 {has better winning chances.}) 48... Re7 49. Rc2 {[%emt 0:02:42] Strongly threatening Re2.} Rb7 50. Re2 Be7 (50... Rb8 $16) 51. Kg2 (51. Kg1 $18) 51... Bf6 $16 {[%emt 0:01:03] [#]} 52. Bf2 (52. Re8 $1 $16 ) 52... Rd7 53. Rc1 {[%emt 0:01:04] Against d4} (53. Rb1 $14) 53... Be5 $11 54. Kh3 Rb7 55. Rd1 Rb3 56. Kg2 (56. Rxd5 $5 Rxf3+ 57. Kh2 $16) 56... Ke6 57. Bd4 (57. Rde1 $11 Kd6 58. Rc1) 57... Ne3+ $17 58. Bxe3 fxe3 $15 {[%emt 0:00:01][%mdl 4096] Endgame KRR-KRB} 59. Rc2 $2 {[%emt 0:00:25][%mdl 8192] [#]} (59. Kf1 $17) 59... d4 $1 $19 60. f4 d3 (60... Bxf4 $2 61. Rxd4 Ke5 62. Rdc4 $18) 61. Rc6+ Kd5 62. Rdc1 {[%emt 0:00:06] Black must now prevent R1c5+.} Bd4 {[%emt 0:01:16] Prevents R1c5+. Black mates.} ({Weaker is} 62... Bxf4 63. R1c5+ Kd4 64. Rc4+ Kd5 65. R4c5+ Ke4 66. Rc4+ Kf5 67. Kf3 $15) 63. Rc8 d2 64. R1c7 d1=Q {[%emt 0:00:40] A wild game.   Weighted Error Value: White=0.46/Black=0.21 (precise)} 0-1

[Event "71st Greek Championship 2022"]
[Site "Athens"]
[Date "2022.12.06"]
[Round "4.4"]
[White "Naoum, Spyridon"]
[Black "Marinakis, Hristos"]
[Result "1-0"]
[ECO "D45"]
[WhiteElo "2352"]
[BlackElo "2118"]
[Annotator "TA"]
[PlyCount "117"]
[EventDate "2022.12.04"]
[EventType "tourn"]
[EventCountry "GRE"]
[SourceTitle "playchess.com"]
[Source "ChessBase"]
[SourceQuality "1"]
[TimeControl "40/5400+30:1800+30"]

1. d4 d5 2. c4 e6 3. Nc3 c6 4. e3 Nf6 5. Nf3 Nbd7 6. Be2 dxc4 7. a4 Bd6 8. Nd2 {[%emt 0:06:58] D45: Semi-Slav: 5 e3.} O-O 9. Nxc4 Bc7 10. b3 {[%emt 0:22:29] The position is equal.} e5 11. Ba3 Re8 12. Nd6 Re6 13. dxe5 (13. Nxc8 {seems wilder.} exd4 14. Qxd4 Be5 15. Qd3) 13... Nxe5 14. Nxc8 {[%emt 0:00:04] [#]} Qxc8 $146 ({Predecessor:} 14... Rxc8 15. Qxd8+ Rxd8 16. O-O h6 17. Rfd1 Ree8 18. h3 Ng6 19. Rxd8 Rxd8 20. Rd1 Rxd1+ 21. Bxd1 {0-1 (47) Le Goff,D (2342)-Al Tarbosh,W (2182) Chess.com INT 2021}) 15. O-O Re8 16. Qc2 Qe6 17. Rae1 Neg4 18. g3 h5 19. Bc4 {[%emt 0:04:16] Against h4} Qc8 20. Bc1 (20. Qg6 Ne5 21. Qc2 Ba5 $17) 20... h4 21. Kg2 (21. Qg6 $2 Ne5 22. Qc2 Ba5 $19) (21. f3 {simplifies} Ne5 22. Kg2 Nxc4 23. bxc4 h3+ 24. Kh1) 21... Ba5 (21... Re5 $1 $15 22. Ne2 (22. Qg6 Nd5 $15) 22... Rh5) 22. f3 {[%emt 0:04:14] Dancing on a razor blade.} Ne5 23. Be2 (23. Rd1 $11 {and White has nothing to worry.}) 23... Qc7 $2 (23... h3+ $19 24. Kf2 Bxc3 25. Qxc3 Neg4+ $1 26. Kg1 Nd5) 24. Rd1 $11 Rad8 25. e4 Rxd1 (25... Ng6 $11 {remains equal.}) 26. Nxd1 $16 (26. Rxd1 $6 Ng6 $11) 26... Rd8 27. Ne3 Ng6 28. Nf5 (28. f4 $16) 28... Ne7 {[%emt 0:02:35] Prevents e5.} (28... Bb4 $14) 29. Nxh4 $18 ({Not} 29. gxh4 Nxf5 30. exf5 Rd4 $15) 29... Qb6 30. Rd1 Rxd1 31. Qxd1 Qc5 32. Kf1 $2 ({Better is} 32. Bf4 $18 {Threatens to win with Bd6.} Qb6 33. Qd6) 32... Bb6 $11 33. Kg2 {[%emt 0:00:26] Bb2 is the strong threat.} g5 {[%emt 0:01:04] [#] White leaves nothing to chance now.} (33... Ba5 $1 $11) 34. Nf5 $1 $16 Nxf5 35. exf5 Qxf5 36. Qd2 g4 37. Qg5+ Qxg5 38. Bxg5 gxf3+ 39. Kxf3 {[%emt 0:00:12][%mdl 4096] Endgame KBB-KBN} Bd4 40. h4 a6 41. g4 b5 42. h5 Bb2 43. Bd3 Nd7 44. Bc2 c5 (44... Nc5 $16 45. axb5 Ne6) 45. Ke4 c4 {[%emt 0:03:16] [#]} (45... Nf6+ $142 46. Kf5 Nd5 47. axb5 axb5) 46. bxc4 $1 $18 bxc4 47. Be7 Nf6+ 48. Kf5 Nd5 49. Bc5 a5 $2 (49... Bc1 {might work better.} 50. Ke4 Nf6+ 51. Kf3 Bb2) 50. h6 Bc3 51. Be4 Nc7 52. Be3 {[%emt 0:01:18] Prevents Bd2.} Bb4 $2 (52... Ne8 53. Bf4 Nf6) 53. g5 {[%emt 0:00:34][%cal Bg4g5,Bg5g6][%mdl 32] Hoping for Bb6.} Bc3 54. Bb6 Ne6 55. g6 {[%emt 0:00:45] White wants to mate with Bd5.} Nd4+ 56. Bxd4 $2 (56. Ke5 Nb3+ 57. Kd5 fxg6 58. Kxc4 Nd2+ 59. Kxc3 Nxe4+ 60. Kd4) 56... Bxd4 57. Bd5 $1 c3 $2 (57... Kf8 $18 58. Bxf7 (58. gxf7 c3 $16) 58... Be3) 58. Bxf7+ Kf8 59. Bb3 {[%emt 0:00:04] Weighted Error Value: White=0.28 (precise) /Black=0.41} 1-0

[Event "71st Greek Championship 2022"]
[Site "Athens"]
[Date "2022.12.06"]
[Round "4.5"]
[White "Mitsis, Georgios"]
[Black "Trimitzios, Petros"]
[Result "1/2-1/2"]
[ECO "D11"]
[WhiteElo "2365"]
[BlackElo "2358"]
[Annotator "TA"]
[PlyCount "60"]
[EventDate "2022.12.04"]
[EventType "tourn"]
[EventCountry "GRE"]
[SourceTitle "playchess.com"]
[Source "ChessBase"]
[SourceQuality "1"]
[TimeControl "40/5400+30:1800+30"]

1. d4 d5 2. Nf3 Nf6 3. c4 c6 4. e3 a6 5. Bd3 b5 6. b3 {[%emt 0:01:16] D11: Slav Defence: 3 Nf3 sidelines and 3...Nf6 4 e3 Bg4.} Bg4 7. Nbd2 e6 8. Qc2 {[%emt 0:01:42] White is slightly better.} Be7 9. Bb2 Nbd7 10. O-O Rc8 11. c5 a5 {[%emt 0:03:01] [#]} 12. a3 $146 ({Predecessor:} 12. Ne1 Bh5 13. a4 b4 14. h3 Bg6 15. g4 Bxd3 16. Nxd3 Ne4 17. Nxe4 dxe4 18. Ne5 Nxe5 19. dxe5 {½-½ (32) Luch,M (2356)-Leszczynski,K (2144) Lublin 2006}) 12... Bh5 13. b4 a4 14. Ne5 Bg6 15. f4 {[%emt 0:04:58] White is much more active. The black rooks are badly placed.} (15. Nxg6 $16 hxg6 16. Nf3) 15... Bxd3 $14 16. Qxd3 Qc7 17. Rf3 O-O 18. Rh3 g6 19. Kh1 Kg7 20. Rg1 h5 21. Rf3 Ng4 22. h3 {[%emt 0:04:43] [#]} (22. e4 $14) 22... f5 $1 $11 23. g3 {[%emt 0:00:29] [#]} ({Don't play} 23. hxg4 Nxe5 24. dxe5 (24. fxe5 $2 {too greedy.} hxg4 25. Qf1 Rh8+ $19) 24... hxg4 $17) (23. Qe2 Ndf6) 23... Rh8 $1 24. Kg2 (24. Rff1 Ngf6) 24... Ngf6 25. Rff1 Rcg8 26. Ndf3 (26. Qe2 {simplifies} Qc8 27. Rh1 Kf8 28. Nef3) 26... Ne4 {[%emt 0:01:57] Inhibits Ng5. Black is slightly better.} 27. Nxd7 Qxd7 28. h4 Bf6 29. Bc3 Kf7 30. Rc1 Ke8 {[%emt 0:00:31] Weighted Error Value: White=0.13 (very precise) /Black=0.08 (flawless)} 1/2-1/2

[Event "71st Greek Championship 2022"]
[Site "Athens"]
[Date "2022.12.07"]
[Round "5.1"]
[White "Trimitzios, Petros"]
[Black "Skembris, Spyridon"]
[Result "1/2-1/2"]
[ECO "D80"]
[WhiteElo "2358"]
[BlackElo "2381"]
[Annotator "TA"]
[PlyCount "68"]
[EventDate "2022.12.04"]
[EventType "tourn"]
[EventCountry "GRE"]
[SourceTitle "playchess.com"]
[Source "ChessBase"]
[SourceQuality "1"]
[TimeControl "40/5400+30:1800+30"]

1. Nf3 c5 2. c4 Nc6 3. Nc3 g6 4. e3 Nf6 5. d4 cxd4 6. exd4 d5 7. Bg5 Ne4 8. Bf4 Nxc3 9. bxc3 Bg7 10. Be2 O-O 11. O-O dxc4 12. Bxc4 Bg4 {[%emt 0:07:42] D80: Grünfeld: Unusual White 4th moves and 4 Bg5.} 13. Be2 Rc8 14. Rc1 Qa5 (14... Be6 {simplifies} 15. Qd2 Na5 16. Bd3 Bc4) 15. Qb3 {[%emt 0:07:56] [#]} e5 $146 ({Predecessor:} 15... Qf5 16. Bg3 Na5 17. Qb4 b6 18. Nh4 Qd7 19. Bxg4 Qxg4 20. Qxe7 Bh6 21. h3 Qh5 22. f4 Nc4 {½-½ (45) Hoi,C (2348)-Rewitz,P (2264) Denmark 2022}) 16. dxe5 b6 17. Rfd1 Nxe5 18. Rd5 Nxf3+ (18... Rc5 $5 19. Nxe5 Bxe2 $11) 19. Bxf3 Be6 20. Rxa5 Bxb3 21. Rxa7 Be6 22. Bd6 Rfd8 {[%emt 0:06:56] The position is equal.} 23. Bb4 Rd2 24. Ra8 Rxa8 25. Bxa8 Rxa2 26. Bc6 Bh6 27. Rd1 Bd2 28. Be4 Bb3 29. Rb1 Bc2 30. Bxc2 Rxc2 31. Kf1 h5 32. Rb3 Bf4 33. h3 Be5 34. g4 hxg4 {[%emt 0:00:45] A balanced but interesting game.   Weighted Error Value: White=0.04 (flawless) /Black=0.05 (flawless)} 1/2-1/2

[Event "71st Greek Championship 2022"]
[Site "Athens"]
[Date "2022.12.07"]
[Round "5.2"]
[White "Marinakis, Hristos"]
[Black "Mitsis, Georgios"]
[Result "0-1"]
[ECO "C95"]
[WhiteElo "2118"]
[BlackElo "2365"]
[Annotator "TA"]
[PlyCount "128"]
[EventDate "2022.12.04"]
[EventType "tourn"]
[EventCountry "GRE"]
[SourceTitle "playchess.com"]
[Source "ChessBase"]
[SourceQuality "1"]
[TimeControl "40/5400+30:1800+30"]

1. e4 e5 2. Nf3 Nc6 3. Bb5 a6 4. Ba4 Nf6 5. O-O Be7 6. Re1 b5 7. Bb3 d6 8. c3 O-O 9. h3 Nb8 10. d4 Nbd7 11. Nbd2 c5 12. Nf1 {[%emt 0:15:53] C95: Closed Ruy Lopez: Breyer Variation with 10 d4.} Re8 13. Ng3 Bf8 14. d5 {[%emt 0:08:26] White has an edge.} c4 15. Bc2 Qc7 16. Bg5 h6 17. Be3 Nc5 18. Nh2 a5 {[%emt 0:02:05] [#]} 19. Ng4 $146 ({Predecessor:} 19. Qf3 Be7 20. Nh5 Nxh5 21. Qxh5 b4 22. Ng4 Bxg4 23. Qxg4 Bg5 24. Bxg5 hxg5 25. Qxg5 b3 26. Bd1 Nd3 27. Re2 bxa2 28. Rxa2 Reb8 29. Rc2 a4 30. Be2 a3 {1-0 (30) Bocharov,I (2568)-Maiorov,N (2495) Moscow 2021}) 19... Nxg4 20. hxg4 Be7 21. Nf5 Bg5 22. Qd2 Qd8 23. Bxg5 hxg5 24. g3 g6 25. Ne3 Kg7 26. Kg2 Qe7 27. Rh1 Ba6 ({Black should try} 27... a4 $11) 28. Rh5 Rh8 {[%emt 0:03:47] [#]} (28... gxh5 $2 29. Nf5+ Kf6 30. Nxe7 Rxe7 31. gxh5 $18) (28... Nxe4 $2 29. Bxe4 Qf6 30. Rhh1 $18) (28... Qf6 $11 {keeps the balance.} 29. Rh3 Rh8) 29. Rxh8 (29. b4 $1 $16 axb4 (29... Nd7 30. a4) 30. cxb4 $1) 29... Kxh8 30. f3 (30. b4 $14 cxb3 31. axb3) 30... Kg7 31. Rh1 (31. b4 $14 cxb3 32. axb3) 31... Rh8 (31... a4 {keeps more tension.} 32. Kf1 Qf6 33. Kg2 Rh8) 32. Rxh8 Kxh8 33. Bd1 f6 34. Be2 Qc7 35. Qc2 Nd7 36. b4 cxb3 37. axb3 Qc5 {[%emt 0:02:21] Inhibits b4.} 38. Kf2 Qa3 39. Qb1 Nc5 40. b4 Na4 41. c4 ({Much worse is} 41. bxa5 Nxc3 42. Qd3 (42. Qh1+ $2 Kg7 $19) 42... Qxa5 $19) (41. Nf5 $11 {and White has nothing to worry.} gxf5 42. Qh1+ Kg7 43. Qh5 fxg4 44. Qe8) 41... Nc3 $19 42. Qc2 {[%emt 0:04:29] And now cxb5 would win.} bxc4 ({Inferior is} 42... Qxb4 43. cxb5 Bxb5 44. Bxb5 $11) (42... Nxe2 $19 43. Qxe2 Qxb4 44. cxb5 Bxb5) 43. bxa5 $17 Qb4 {[%emt 0:08:27] Black is more active.} (43... Nxe2 $1 $17 44. Qxe2 Qxa5) 44. Bf1 $11 Qxa5 45. Bxc4 (45. Nxc4 $2 {too greedy.} Bxc4 46. Bxc4 Qc5+ 47. Kg2 Qxc4 $19) 45... Bxc4 46. Nxc4 {[%emt 0:00:04][%mdl 4096] Endgame KQN-KQN} Qc5+ 47. Ne3 Qd4 48. Qc1 Kg7 49. Qe1 Qd3 50. Nf1 Kh6 51. Qd2 Qc4 52. Ne3 Qc5 53. Kg2 Kg7 54. Nc2 Nb5 55. Qf2 Qc3 56. Qe2 Qb3 57. Kh3 Qb1 58. Kg2 {[%emt 0:00:30] Prevents Qh1+.} Nc3 59. Qd3 (59. Qd2 $11 Qb2 60. Kg1) 59... Qb2 $2 ({Better is} 59... Nd1 $1 $19 60. Qe2 Qxc2 $3 61. Qxc2 Ne3+ 62. Kh3 Nxc2) 60. Kh3 Qb1 $2 61. Kg2 $19 {[%emt 0:00:06] [#]} Nd1 {[%emt 0:00:36][%cal Ob1c2] White must now prevent ...Qxc2+!} 62. Nb4 Qb2+ 63. Kg1 Qf2+ 64. Kh1 Ne3 {[%emt 0:00:17] Weighted Error Value: White=0.43/Black=0.32} 0-1